 Dungeon Crawl Stone Soup version 0.28.0-47-ge53b351184 (webtiles) character file.

Game seed: 17316898635778623161

199 101zpm the Magician (level 6, -2/40 HPs)
             Began as a Djinni Fire Elementalist on May 2, 2022.
             Slain by a black bear (5 damage)
             ... on level 4 of the Dungeon.
             The game lasted 00:06:03 (6041 turns).

101zpm the Magician (Djinni Fire Elementalist)      Turns: 6041, Time: 00:06:05

Health: -2/40      AC:  2    Str:  7    XL:     6   Next: 6%
Gold:   158        EV: 12    Int: 18    God:
                   SH:  0    Dex: 14

rFire   + + .      SeeInvis .   (no weapon)
rCold   x . .      Faith    .   (no shield)
rNeg    . . .      Spirit   .   a - +0 robe
rPois   ∞          Reflect  .   (no helmet)
rElec   .          Harm     .   (no cloak)
rCorr   .          Rampage  .   (no gloves)
Will    .....                   (boots unavailable)
Stlth   ++........              (no amulet)
HPRegen 0.13/turn               (no ring)
MPRegen 0.00/turn               (no ring)

@: flying, very slightly contaminated
A: sickness immunity, fire resistance 2, cold vulnerability 1, float, innate
caster, HP casting, extra vitality 1
a: no special abilities


You were on level 4 of the Dungeon.
You visited 1 branch of the dungeon, and saw 4 of its levels.

You collected 158 gold pieces.

Inventory:

Armour
 a - a +0 robe (worn)
Wands
 k - a wand of polymorph (7)
Scrolls
 c - 2 scrolls of fear {unknown}
 f - a scroll of vulnerability {unknown}
 g - 3 scrolls of teleportation {unknown}
 i - a scroll of magic mapping {unknown}
Potions
 b - a potion of curing
 d - 2 potions of might {unknown}
 e - a potion of attraction {unknown}
 h - a potion of invisibility {unknown}
 j - a potion of magic {unknown}
 l - a potion of degeneration {unknown}


   Skills:
 + Level 2.4 Dodging
 + Level 2.5 Stealth
 + Level 4.4 Spellcasting


You couldn't memorise any spells.
You knew the following spells:

 Your Spells              Type           Power      Damage    Failure   Level
a - Foxfire               Conj/Fire      76%        2x1d7     2%          1
b - Scorch                Fire           38%        2d7       3%          2
c - Conjure Flame         Conj/Fire      19%        6-21      7%          3
d - Inner Flame           Hex/Fire       19%        N/A       7%          3
e - Flame Wave            Conj/Fire      19%        2d6       22%         4
f - Summon Small Mammal   Summ           76%        N/A       2%          1
g - Call Imp              Summ           19%        N/A       3%          2
Your spell library was empty.

Dungeon Overview and Level Annotations

Branches:
Dungeon (4/15)
 Temple: D:4-7

Altars:
Hepliaklqana
Makhleb


Innate Abilities, Weirdness & Mutations

You are immune to sickness and miasma.
You are immune to poison.
Your flesh is very heat resistant. (rF++)
You are vulnerable to cold. (rC-)
You float through the air rather than walking.
You learn spells naturally, not from books.
Your magical power is your life essence.
You have superior vitality. (+4 MHP)


Message History

There is not enough space to conjure foxfire!
Your foxfire dissipates!
A black bear comes into view.
The foxfire hits the black bear.
The black bear is lightly wounded.
Casting: Foxfire (safe; 2% risk of failure)
Confirm with . or Enter, or press ? or * to list all spells.
Flames lash the black bear.
The black bear is lightly wounded.
The black bear's fire resistance burns away.
Casting: Scorch (safe; 3% risk of failure)
Confirm with . or Enter, or press ? or * to list all spells.
Flames lash the black bear.
The black bear is burned terribly!
The black bear is moderately wounded.
Casting: Scorch (safe; 3% risk of failure)
Confirm with . or Enter, or press ? or * to list all spells.
Flames lash the black bear.
The black bear is burned terribly!
The black bear is severely wounded.
The black bear bites you!
The black bear claws you but does no damage.
The black bear closely misses you.
Casting: Scorch (safe; 3% risk of failure)
Confirm with . or Enter, or press ? or * to list all spells.
Flames lash the black bear.
The black bear is burned terribly!
The black bear is severely wounded.
The black bear goes berserk!
A phantom comes into view.
Casting: Scorch (safe; 3% risk of failure)
Confirm with . or Enter, or press ? or * to list all spells.
You miscast Scorch.
You are very lightly contaminated with residual magic.
Nothing appears to happen.
The black bear completely misses you. The black bear claws you.
* * * LOW HITPOINT WARNING * * *
The black bear claws you.
* * * LOW HITPOINT WARNING * * *
The black bear bites you.
* * * LOW HITPOINT WARNING * * *
The black bear claws you.
You die...

###### #....#
#....# #....#
####....#
###.......#######
#................
#.#.......########
#@#######.........
#h#######.#######.
$W................
)########.#####....
..########.###
#.###
#.§...........#
#.#..
#.#########.#.#
#.... #
............###...#
.............))..##


You could see a phantom and a black bear (berserk, combustible).

Vanquished Creatures
  A water moccasin skeleton (D:4)
  A hound (D:4)
  An orc wizard (D:4)
  An adder (D:2)
  A worm (D:4)
  4 dart slugs (D:1)
  8 orcs (D:4)
  8 bats
  2 endoplasms (D:1)
  2 giant cockroaches
  7 goblins
  7 hobgoblins
  2 quokkas (D:1)
  4 ball pythons
  8 frilled lizards
  7 kobolds
  6 rats
70 creatures vanquished.

Vanquished Creatures (others)
  487 foxfires
487 creatures vanquished.

Grand Total: 557 creatures vanquished

Notes
Turn   | Place    | Note
-------+----------+-------------------------------------------
     0 | D:1      | 101zpm the Djinni Fire Elementalist began the quest for the
                  | Orb.
     0 | D:1      | Reached XP level 1. HP: 15/15 MP: 0/0
   259 | D:1      | Reached XP level 2. HP: 18/21 MP: 0/0
   741 | D:1      | Reached skill level 3 in Spellcasting
   741 | D:1      | Reached XP level 3. HP: 23/25 MP: 0/0
   741 | D:1      | Learned a level 1 spell: Summon Small Mammal
  1308 | D:1      | Found a faded altar of an unknown god.
  2655 | D:2      | Reached XP level 4. HP: 24/31 MP: 0/0
  2911 | D:3      | Found a burning altar of Makhleb.
  4219 | D:3      | Found a hazy altar of Hepliaklqana.
  5190 | D:4      | Reached XP level 5. HP: 29/35 MP: 0/0
  5190 | D:4      | Learned a level 2 spell: Call Imp
  5286 | D:4      | Reached skill level 4 in Spellcasting
  5738 | D:4      | Reached XP level 6. HP: 30/40 MP: 0/0
  6036 | D:4      | Noticed a black bear
  6041 | D:4      | Slain by a black bear

Illustrated notes

Levels and vault maps discovered:
D:1:      minmay_arrival_four_loops, layout_basic,
          ebering_ecumenical_altar_rust, minmay_strange_pillars, st_stairs_4,
          minivault_19
D:2:      layout_basic, basic_altar, uniq_robin
D:3:      layout_basic, worldfamousw_hep_ancestral_shrine, lemuel_doored_altar
D:4:      layout_basic, uniq_ijyb

Skill      XL: |  1  2  3  4  5 |
---------------+----------------+-----
Spellcasting   | 3 4 |  4.4
Stealth        | 2 |  2.5
Dodging        | |  2.4

Action                   |  1- 3 |  4- 6 || total
-------------------------+-------+-------++-------
Melee: Unarmed           |    13 |       ||    13
       Punch             |     1 |       ||     1
 Cast: Foxfire           |   140 |   180 ||   320
       Scorch            |     4 |    13 ||    17
       Inner Flame       |       |     3 ||     3
       Call Imp          |       |     1 ||     1
Armor: Robe              |       |     1 ||     1
Dodge: Dodged            |     9 |     6 ||    15
